 Dungeon Crawl Stone Soup version 0.30-a0-40-gc6d0f036a7 (webtiles) character file.

Game seed: 6478709622704220018

15 MudFish the Insei (level 2, -4/18 HPs)
             Began as an Octopode Transmuter on Aug 29, 2022.
             Slain by a worm (11 damage)
             ... on level 3 of the Dungeon.
             The game lasted 00:02:16 (1324 turns).

MudFish the Insei (Octopode Transmuter)             Turns: 1324, Time: 00:02:17

Health: -4/18      AC:  1    Str:  9    XL:     2   Next: 50%
Magic:  5/5        EV: 13    Int: 15    God:
Gold:   23         SH:  0    Dex: 12    Spells: 2/5 levels left

rFire   . . .      SeeInvis .      - Unarmed
rCold   . . .      Faith    .    (no shield)
rNeg    . . .      Spirit   .    (helmet currently unavailable)
rPois   .          Reflect  .    (no amulet)
rElec   .          Harm     .    (no ring)
rCorr   .          Rampage  .    (no ring)
Will    .....                    (no ring)
Stlth   +++.......               (no ring)
HPRegen 0.06/turn                (no ring)
MPRegen 0.09/turn                (no ring)
                                 (no ring)
                                 (no ring)

@: appendages (expiring)
A: tentacle spike 3, almost no armour, amphibious, 8 rings, camouflage 1,
gelatinous body 1, (nimble swimmer 1), tentacles
a: End Transformation


You were on level 3 of the Dungeon.
One of your tentacles had grown a beastly spike.
You visited 1 branch of the dungeon, and saw 3 of its levels.

You collected 23 gold pieces.

Inventory:

Hand Weapons
 e - a +1 falchion of venom
Missiles
 d - a throwing net
Scrolls
 c - a scroll of butterflies
Potions
 a - a potion of lignification
 b - a potion of resistance {unknown}


   Skills:
 - Level 1.0 Fighting
 - Level 2.0 Dodging
 + Level 1.0 Stealth
 * Level 3.5 Unarmed Combat
 - Level 2.0 Spellcasting
 * Level 2.2 Transmutations


You had 2 spell levels left.
You knew the following spells:

 Your Spells              Type           Power      Damage    Failure   Level
a - Beastly Appendage     Tmut           16%        N/A       9%          1
b - Wereblood             Tmut           8%         N/A       13%         2

Your spell library contained the following spells:

 Spells                   Type           Power      Damage    Failure   Level
 Spider Form              Tmut/Pois      4%         N/A       38%         3
 Ice Form                 Ice/Tmut       4%         N/A       80%         4


Dungeon Overview and Level Annotations

Branches:
Dungeon (2/15)

Altars:


Innate Abilities, Weirdness & Mutations

One of your tentacles has grown a beastly spike.
You cannot wear most types of armour.
You are amphibious.
You can wear up to eight rings at the same time.
Your skin changes colour to match your surroundings (Stealth+).
Your rubbery body absorbs attacks. (AC +1, EV +1)
((You are camouflaged when in or above water. (Stealth+)))
You have tentacles for arms and can constrict up to eight enemies at once.


Message History

No target in view!
No target in view!
No target in view!
No target in view!
Your tentacle spike disappears.
You see here a dart slug corpse.
An endoplasm comes into view.
Found a sling and a throwing net.
You see here a +0 sling.
d - a throwing net
Found 4 stones.
You see here 4 stones.
A kobold comes into view. It is wielding a +0 dagger.
The kobold shouts!
The kobold throws a stone.
The stone misses you.
Casting: Beastly Appendage (safe; 9% risk of failure)
Confirm with . or Enter, or press ? or * to list all spells.
One of your tentacles grows a vicious spike.
The kobold barely misses you.
You tentacle-slap the kobold.
You kill the kobold!
Your Stealth skill increases to level 1!
A worm comes into view.
Things that are here:
a +0 dagger; 4 stones; a +1 falchion of venom
Found a stone staircase leading up.
Things that are here:
a +0 dagger; 4 stones; a +1 falchion of venom
e - a +1 falchion of venom The worm bites you!
Ouch! That really hurt!
Your transformation is almost over.
You barely miss the worm. Your grab misses the worm.
You pierce the worm.
You squeeze the worm, but do no damage.
The worm is lightly wounded.
You completely miss the worm. You grab the worm.
The worm is lightly wounded.
You constrict the worm. The worm bites you!
Ouch! That really hurt!
You die...

#.. #.# #.. #.#
#.# #.# # #.#
#.####@###.#
##.....w....#
........###.<..
##.####)# ## #
#.# #.# #.# #.#
...# #.#


You could see a worm.

Vanquished Creatures
  A dart slug (D:3)
  An endoplasm (D:2)
  A giant cockroach (D:1)
  A goblin (D:1)
  5 kobolds
  2 bats (D:1)
  A frilled lizard (D:1)
  A rat (D:1)
13 creatures vanquished.

Notes
Turn   | Place    | Note
-------+----------+-------------------------------------------
     0 | D:1      | MudFish the Octopode Transmuter began the quest for the
                  | Orb.
     0 | D:1      | Reached XP level 1. HP: 13/13 MP: 3/3
   542 | D:1      | Reached XP level 2. HP: 18/18 MP: 3/5
   548 | D:1      | Learned a level 2 spell: Wereblood
   881 | D:1      | Found a faded altar of an unknown god.
  1138 | D:2      | You fall into a shaft and drop 1 floor!
  1314 | D:3      | Reached skill level 1 in Stealth
  1324 | D:3      | Slain by a worm

Illustrated notes

Levels and vault maps discovered:
D:1:      doesnt_arrival_eight_statues, layout_basic, serial_rivers,
          chequers_serial_rivers_marsh, chequers_serial_rivers_micro_b,
          chequers_serial_rivers_micro_d, chequers_serial_rivers_small_3,
          shapermc_ecumenical_altar_totnotflames
D:2:      layout_rooms
D:3:      layout_loops_ring, mainiacjoe_overflow_catwalk, item_on_display_a

Skill      XL: |  1  2 |
---------------+-------+-----
Stealth        | 1 |  1.0
Fighting       | |  1.0
Dodging        | |  2.0
Unarmed Combat | |  3.5
Spellcasting   | |  2.0
Transmutations | |  2.2

Action                   || total
-------------------------++-------
Melee: Unarmed           ||    22
       Constrict         ||     5
       Kick              ||     6
       Tentacles         ||     4
 Cast: Beastly Appendage ||    12
  Use: Scroll            ||     2
 Stab: Sleeping          ||     3
Armor: Skin              ||     2
Dodge: Dodged            ||    17

Table legend: (Time is in decaauts)
 A = Elapsed time spent in this place.
 B = Non-inter-level travel time spent in this place.
 C = Inter-level travel time spent in this place.
 D = Time resting spent in this place.
 E = Time spent auto-exploring this place.
 F = Levels seen in this place.
 G = Mean time per level.
                   A        B        C        D        E       F      G
               +--------+--------+--------+--------+--------+-----+--------+
         Total |   1322 |   1284 |     38 |    192 |    907 |   3 |  440.7 |
       Dungeon |   1322 |   1284 |     38 |    192 |    907 |   3 |  440.7 |
               +--------+--------+--------+--------+--------+-----+--------+

Top non-repeatable levels by time:
     D:1: 1112 daAuts
     D:3: 185 daAuts
     D:2: 24 daAuts
